 Dungeon Crawl Stone Soup version 0.26-a0-752-gcff87cac9a (webtiles) character file.

Game seed: 17212146015649026676

38 somkeydreadnuts the Stinger (level 3, 0/42 HPs)
             Began as a Naga Venom Mage on Nov 7, 2020.
             Succumbed to a goblin's poison
             ... on level 2 of the Dungeon.
             The game lasted 00:04:50 (981 turns).

somkeydreadnuts the Stinger (Naga Venom Mage)        Turns: 981, Time: 00:04:50

Health: 0/42       AC: 21    Str:  8 (10) XL:     3   Next: 43%
Magic:  1/6        EV:  1    Int: 14 (16) God:
Gold:   26         SH:  0    Dex: 10 (11) Spells: 5/6 levels left

rFire    . . .     SeeInvis +   (no weapon)
rCold    . . .     Faith    .   (no shield)
rNeg     + + +     Spirit   .   (armour currently unavailable)
rPois    +         Reflect  .   (helmet currently unavailable)
rElec    .         Harm     .   (cloak currently unavailable)
rCorr    .         Rampage  .   (gloves currently unavailable)
MR       .....     NoTele   +   (no barding)
Stlth    ++........             (no amulet)
HPRegen  0.14/turn              (no ring)
MPRegen  0.10/turn              (no ring)

@: mighty, lethally poisoned (0 -> -3), tree-form, attractive
A: large, see invisible, spit poison 1, AC +1
a: Spit Poison


You were on level 2 of the Dungeon.
You were a tree.
You visited 1 branch of the dungeon, and saw 2 of its levels.

You collected 26 gold pieces.

Inventory:

Missiles
 g - 14 stones (quivered)
Armour
 a - a +0 robe (melded)
Scrolls
 b - a scroll of enchant weapon {unknown}
 c - a scroll of remove curse {unknown}
 f - a scroll of identify {unknown}
Potions
 d - a potion of might


   Skills:
 - Level 1.5 Dodging
 - Level 3.0 Stealth
 - Level 2.0 Spellcasting
 - Level 1.0 Transmutations
 + Level 5.8 Poison Magic


You had 5 spell levels left.
You knew the following spells:

 Your Spells              Type           Power        Failure   Level
a - Sting                 Tmut/Pois      ##..         6%          1

Your spell library contained the following spells:

 Spells                   Type           Power        Failure   Level
 Poisonous Vapours        Pois/Air       #.....       11%         2
 Olgreb's Toxic Radiance  Pois           ###.....     22%         4
 Ignite Poison            Fire/Tmut/Pois #.......     28%         3
 Mephitic Cloud           Conj/Pois/Air  #.......     32%         3


Dungeon Overview and Level Annotations

Branches:
Dungeon (2/15)

Altars:


Innate Abilities, Weirdness & Mutations

You cannot wear boots.
((Your serpentine skin is tough. (AC +1)))
You have supernaturally acute eyesight. (SInv)
((Armour fits poorly on your strangely shaped body.))
((Your system is resistant to poisons. (rPois)))
((You cover ground very slowly.))
You can spit poison.


Message History

* * * LOW HITPOINT WARNING * * *
You hit the goblin.
You kill the goblin!
* * * LOW HITPOINT WARNING * * *
You feel sick.
There is a lethal amount of poison in your body!
* * * LOW HITPOINT WARNING * * *
You feel sick.
It was a potion of might.
You feel very mighty all of a sudden.
It was a potion of lignification.
You turn into a tree.
Your +0 robe melds into your body.
Your roots penetrate the ground.
* * * LOW HITPOINT WARNING * * *
You feel sick.
It was a potion of degeneration.
There was something very wrong with that liquid.
You feel weakened.
You feel dopey.
You feel clumsy.
It was a potion of attraction.
You feel attractive to monsters.
You die...

#.#####..###
####.###.#.[#
......#.....# #
...........####.#
...............#
#.!............
#...###.......#
#.#...###.#####.#
#.....†.)♣# #
........###.#
######..# ###
#..# ..## ###


There were no monsters in sight!

Vanquished Creatures
  An adder (D:2)
  An ooze (D:1)
  A worm (D:2)
  2 dart slugs
  A leopard gecko (D:1)
  3 goblins
  A hobgoblin (D:1)
  2 kobolds (D:1)
  2 ball pythons
  A bat (D:1)
  5 rats (D:1)
20 creatures vanquished.

Notes
Turn   | Place    | Note
-------+----------+-------------------------------------------
     0 | D:1      | somkeydreadnuts the Naga Venom Mage began the quest for the
                  | Orb.
     0 | D:1      | Reached XP level 1. HP: 15/15 MP: 3/3
   191 | D:1      | Reached XP level 2. HP: 19/22 MP: 3/5
   427 | D:1      | Reached skill level 5 in Poison Magic
   897 | D:2      | Reached XP level 3. HP: 28/28 MP: 4/6
   977 | D:2      | HP: 1/28 [poisoned by a goblin]
   981 | D:2      | Succumbed to a goblin's poison

Illustrated notes

Levels and vault maps discovered:
D:1:      mainiacjoe_arrival_reflecting_pool, layout_loops_ring,
          grunt_decor_mini_mirrors
D:2:      layout_loops_ring, tgw_xom

Skill      XL: |  1  2 |
---------------+-------+-----
Poison Magic   | 5 |  5.8
Dodging        | |  1.5
Stealth        | |  3.0
Spellcasting   | |  2.0
Transmutations | |  1.0

Action                   || total
-------------------------++-------
Melee: Unarmed           ||    20
 Cast: Sting             ||    33
 Abil: Spit Poison       ||     2
  Use: Potion            ||     4
Armor: Robe              ||     3
Dodge: Dodged            ||    17

Table legend: (Time is in decaauts)
 A = Elapsed time spent in this place.
 B = Non-inter-level travel time spent in this place.
 C = Inter-level travel time spent in this place.
 D = Time resting spent in this place.
 E = Time spent auto-exploring this place.
 F = Levels seen in this place.
 G = Mean time per level.
                   A        B        C        D        E       F      G
               +--------+--------+--------+--------+--------+-----+--------+
         Total |   1248 |   1248 |      0 |      0 |    922 |   2 |  624.0 |
       Dungeon |   1248 |   1248 |      0 |      0 |    922 |   2 |  624.0 |
               +--------+--------+--------+--------+--------+-----+--------+

Top non-repeatable levels by time:
     D:1: 1140 daAuts
     D:2: 107 daAuts
